 Dungeon Sprint DCSS version 0.18-a0-596-g6468885 (webtiles) character file.

498 xeno23 the Basher (level 6, -2/63 HPs)
             Began as a Minotaur Berserker on Dec 4, 2015.
             Was a Priest of Trog.
             Slain by Sonja
             ... wielding a +0 dagger of distortion
              (5 damage)
             ... in the Dungeon (Sprint I: "Red Sonja").
             The game lasted 00:02:22 (237 turns).

xeno23 the Basher (Minotaur Berserker)               Turns: 237, Time: 00:02:23

Health: -2/63      AC:  2    Str: 22    XL:     6   Next: 94%
Magic:  5/5        EV: 15    Int:  4    God:    Trog [***...]
Gold:   324        SH:  0    Dex: 11    Spells: 0 memorised, 5 levels left

rFire  . . .     SeeInvis .     a - +0 mace
rCold  . . .     Clarity  .     b - +0 animal skin
rNeg   . . .     SustAt   .     (no shield)
rPois  .         Gourm    .     (helmet restricted)
rElec  .         Spirit   .     (no cloak)
rCorr  .         Dismiss  .     (no gloves)
rMut   .         NoTele   +     (no boots)
MR     .....                    (no amulet)
Stlth  +.........               (no ring)
                                (no ring)

@: lethally poisoned (-2 -> -6), exhausted, slowed, very slow, not resistant to
hostile enchantments, very unstealthy
A: retaliatory headbutt, horns 2
a: Berserk, Trog's Hand, Burn Spellbooks, Renounce Religion


You were in the Dungeon.
You worshipped Trog.
Trog was most pleased with you.
You were hungry.

You visited 1 branch You collected 324 gold pieces.

Inventory:

Hand Weapons
 a - a +0 mace (weapon)
Armour
 b - a +0 animal skin (worn)
Scrolls
 i - a scroll of blinking
Potions
 d - 2 potions of curing
 f - a potion of haste
 g - 2 potions of magic
 h - a potion of berserk rage
Comestibles
 c - a bread ration
 j - 5 chunks of flesh


   Skills:
 + Level 9.2 Fighting
 * Level 11.6 Maces & Flails
 + Level 8.0 Armour
 + Level 7.4 Dodging


You had 5 spell levels left.
You didn't know any spells.

Dungeon Overview and Level Annotations

Branches:
Dungeon (1/1)

Altars:
Cheibriados
Dithmenos
Fedhas
Sif Muna
Vehumet
Jiyva

Annotations:
D Sonja


Innate Abilities, Weirdness & Mutations

You reflexively headbutt those who attack you in melee.
You have a pair of horns on your head.


Message History

You miss Sonja.
Sonja is lightly wounded.
You feel sick.
Sonja hits you with an uncursed dagger of distortion.
Sonja closely misses you. Sonja completely misses you.
Sonja closely misses you.
Sonja hits you with an uncursed dagger of distortion. x2
You feel a strange sense of stasis.
You take 12 damage.
You hit Sonja but do no damage. Your headbutt misses Sonja.
Sonja is lightly wounded.
You feel sick.
Sonja hits you with an uncursed dagger of distortion.
Space warps horribly around you!
* * * LOW HITPOINT WARNING * * *
Sonja barely misses you. x3
Sonja hits you with an uncursed dagger of distortion.
* * * LOW HITPOINT WARNING * * *
Space bends around you.
You die...

#..#####'#####K#__#
#..# #..#...#.# ##
#..# ####..##[#
#..# ##'#..+ #⌠⌠#
+..._# #### #_.#+#
##'# ##K## +$.@+
#$.(# ##.## #+#


You could see Sonja.

Vanquished Creatures
  A slime creature (D)
  Sigmund (D)
  An ogre (D)
  Ijyb (D)
  A jelly (D)
5 creatures vanquished.

Notes
Turn   | Place    | Note
--------------------------------------------------------------
     0 | D        | xeno23 the Minotaur Berserker began the quest for the Orb.
     0 | D        | Reached XP level 1. HP: 19/19 MP: 0/0
     1 | D        | Noticed Ijyb
     7 | D        | Killed Ijyb
     7 | D        | Reached skill level 5 in Fighting
     7 | D        | Reached skill level 5 in Maces & Flails
     7 | D        | Reached XP level 2. HP: 30/30 MP: 1/1
    49 | D        | Noticed an ogre
    53 | D        | Killed an ogre
    53 | D        | Reached skill level 6 in Fighting
    53 | D        | Reached skill level 7 in Maces & Flails
    53 | D        | Reached XP level 3. HP: 38/38 MP: 2/2
    53 | D        | Reached XP level 4. HP: 45/45 MP: 3/3
    98 | D        | Noticed Sigmund
   104 | D        | Killed Sigmund
   104 | D        | Reached ** piety under Trog
   104 | D        | Reached skill level 8 in Fighting
   104 | D        | Reached skill level 10 in Maces & Flails
   104 | D        | Reached XP level 5. HP: 53/53 MP: 4/4
   149 | D        | Found a snail-covered altar of Cheibriados.
   149 | D        | Found a viscous altar of Jiyva.
   149 | D        | Found a shadowy altar of Dithmenos.
   149 | D        | Found a blossoming altar of Fedhas.
   149 | D        | Noticed a slime creature
   156 | D        | Killed a slime creature
   156 | D        | Reached skill level 11 in Maces & Flails
   156 | D        | Reached XP level 6. HP: 63/63 MP: 5/5
   191 | D        | Found a deep blue altar of Sif Muna.
   193 | D        | Found a radiant altar of Vehumet.
   196 | D        | Reached *** piety under Trog
   218 | D        | Noticed Sonja
   237 | D        | HP: 3/63 [Sonja/uncursed dagger of distortion (2)]
   237 | D        | Slain by Sonja

Vault maps used:
D:        dungeon_sprint_1

Action                   |  1- 3 |  4- 6 || total
-------------------------+-------+-------++-------
Melee: Mace              |     7 |    18 ||    25
Invok: Berserk           |     2 |     3 ||     5
  Use: Potion            |       |     2 ||     2
  Eat: Chunk             |       |     2 ||     2
